 Dungeon Crawl Stone Soup version 0.27.0-1-g7a08968 (webtiles) character file.

Game seed: 13487928448569881272

13337 brinewave the Protected (level 11, -2/101 HPs)
             Began as a Minotaur Berserker on Aug 15, 2021.
             Was a High Priest of Trog.
             Slain by an eight-headed hydra (9 damage)
             ... on level 2 of the Lair of Beasts.
             The game lasted 00:37:26 (11122 turns).

brinewave the Protected (Minotaur Berserker)       Turns: 11122, Time: 00:37:26

Health: -2/101     AC: 19    Str: 25    XL:     11   Next: 74%
Magic:  10/10      EV:  8    Int: 10    God:    Trog [*****.]
Gold:   183        SH:  0    Dex: 10    Spells: 10/10 levels left

rFire    + + .     SeeInvis .   E - +1 whip (flame)
rCold    . . .     Faith    .   (no shield)
rNeg     . . .     Spirit   .   V - +1 plate armour {rF+}
rPois    .         Reflect  .   u - +0 hat
rElec    +         Harm     .   (no cloak)
rCorr    .         Rampage  .   s - +0 pair of gloves
Will     ++...                  (no boots)
Stlth    ..........             l - amulet of the acrobat
HPRegen  0.26/turn              I - ring of willpower
MPRegen  0.12/turn              A - ring of Irrepressible Laughter {rElec rF+ Will+ Int+6}

@: on berserk cooldown, slowed, very slow
A: horns 2, retaliatory headbutt
a: Renounce Religion, Berserk, Trog's Hand, Brothers in Arms


You were on level 2 of the Lair of Beasts.
You worshipped Trog.
Trog was extremely pleased with you.
You visited 2 branches of the dungeon, and saw 11 of its levels.

You collected 677 gold pieces.
You spent 494 gold pieces at shops.

Inventory:

Hand Weapons
 m - a +1 rapier of holy wrath
 o - a +0 hunting sling
 C - a +0 war axe
 E - a +1 whip of flaming (weapon)
 F - a +1 trident of freezing
 L - a +0 shortbow
 R - a +4 spectral battleaxe
Missiles
 a - 3 atropa-tipped darts
 b - 11 javelins
 c - 233 arrows
 d - 426 stones (quivered)
 h - 62 bolts
 i - 95 sling bullets
 z - 30 poisoned darts
 T - 2 curare-tipped darts
Armour
 f - a +0 chain mail
 s - a +0 pair of gloves (worn)
 u - a +0 hat (worn)
 v - a +1 robe of cold resistance
 B - +0 fire dragon scales
 D - a +0 plate armour
 H - a +0 kite shield
 V - a +1 plate armour of fire resistance (worn)
Jewellery
 l - an amulet of the acrobat (around neck)
 t - a ring of protection from fire
 A - the ring of Irrepressible Laughter (right hand) {rElec rF+ Will+ Int+6}
   (You acquired it on level 5 of the Dungeon)

   [ring of intelligence]

   Int:       It affects your intelligence (+6).
   rF:        It protects you from fire.
   rElec:     It insulates you from electricity.
   Will:      It increases your willpower.
 I - a ring of willpower (left hand)
 J - a ring of flight
 N - an amulet of regeneration
Wands
 P - a wand of acid (6)
Scrolls
 g - 4 scrolls of fear
 y - a scroll of silence
 K - 5 scrolls of teleportation
 O - 3 scrolls of magic mapping
 Q - 2 scrolls of brand weapon
 S - 3 scrolls of identify
Potions
 e - 7 potions of flight
 j - 3 potions of heal wounds
 k - 2 potions of haste
 n - a potion of berserk rage
 p - a potion of attraction
 q - a potion of ambrosia
 r - a potion of mutation
 w - a potion of resistance
 x - 4 potions of curing
 G - 2 potions of invisibility


   Skills:
 + Level 10.7 Fighting
 - Level 14.0 Axes
 + Level 14.2 Armour
 - Level 2.1 Dodging


You had 10 spell levels left.
You didn't know any spells.
Your spell library was empty.

Dungeon Overview and Level Annotations

Branches:
Dungeon (9/15)             Temple (0/1) D:7            Lair (2/6) D:9
    Orc (0/2) D:9
  Swamp: Lair:2-4    Shoals: Lair:2-4     Snake: Lair:2-4    Spider: Lair:2-4

Altars:
Gozag
Wu Jian

Shops:
D:5 ?   D:7 !

Annotations:
Lair:1 Gastronok


Innate Abilities, Weirdness & Mutations

You have a pair of horns on your head.
You reflexively headbutt those who attack you in melee.


Message History

Your blood rage is quickly leaving you.
You are no longer berserk.
You are exhausted.
You feel yourself slow down.
You feel sick.
You start resting.
You feel very sick.
You feel sick. x4
You are no longer poisoned.
You start resting.
An eight-headed hydra comes into view.
The eight-headed hydra moves out of view.
You start resting.
An eight-headed hydra is nearby!
The eight-headed hydra roars!
There is an escape hatch in the floor here.
Okay, then.
Blink to where?
Press: ? - help, Dir - move target
As you read the scroll of blinking, it crumbles to dust.
You feel much better.
Your +1 whip of flaming bursts into flame!
E - a +1 whip of flaming (weapon)
You barely miss the eight-headed hydra.
Your headbutt misses the eight-headed hydra.
The eight-headed hydra bites you.
The eight-headed hydra bites you but does no damage. x3
The eight-headed hydra bites you!
* * * LOW HITPOINT WARNING * * *
The eight-headed hydra bites you but does no damage.
The eight-headed hydra bites you.
* * * LOW HITPOINT WARNING * * *
The eight-headed hydra closely misses you.
You barely miss the eight-headed hydra.
The eight-headed hydra barely misses you.
You furiously retaliate!
You headbutt the eight-headed hydra! The eight-headed hydra bites you!
* * * LOW HITPOINT WARNING * * *
The eight-headed hydra bites you.
* * * LOW HITPOINT WARNING * * *
The eight-headed hydra bites you!
You die...

### #####!#.
##########PPPPP..
#...#.##.#PPPPP.P
#................
###.............P..
+.@D.......>....P..
#..#........†.#....
#...........#......
###.........#..#...
#.........>.## ..
#.........### .
#....#.#.##
###...#.## ###. .


You could see an eight-headed hydra.

Vanquished Creatures
  2 hydras
  A two-headed ogre (D:9)
  Urug (Lair:1)
  Pikel (D:5)
  An oklob plant (Lair:1)
  A manticore (D:8)
  Joseph (D:7)
  A black mamba (Lair:2)
  A cane toad (Lair:1)
  Maggie (D:7)
  3 komodo dragons
  A rime drake (Lair:1)
  2 kobold demonologists (D:9)
  A hornet (D:9)
  Sigmund (D:5)
  2 shadows (D:9)
  3 yaks (Lair:1)
  A basilisk (Lair:2)
  3 steam dragons
  3 wargs (D:9)
  Duvessa (D:7)
  4 water moccasins
  An ice beast (D:6)
  3 orc warriors (D:7)
  A necrophage (D:8)
  2 black bears (D:4)
  5 centaurs
  8 wolves (Lair:1)
  2 phantoms (D:9)
  2 kobold brigands (D:9)
  5 bullfrogs
  A gnoll sergeant (D:5)
  A wyvern zombie (D:4)
  Dowan (D:7)
  2 troll zombies (D:9)
  6 killer bees
  4 wights (D:8)
  5 electric eels (D:8)
  4 howler monkeys
  A centaur zombie (D:9)
  2 hounds
  3 jellies
  2 centaur skeletons
  4 orc priests
  6 orc wizards
  2 iguanas (D:6)
  4 ogre zombies (D:9)
  2 hound skeletons (D:4)
  2 howler monkey zombies (D:9)
  Robin (D:2)
  4 gnolls (D:5)
  6 adders
  A white imp (D:5)
  An ufetubus (D:4)
  An adder skeleton (D:5)
  3 worms
  A dart slug (D:4)
  18 orcs
  9 bats
  5 endoplasms
  3 giant cockroaches
  13 goblins
  6 hobgoblins
  12 jackals
  3 quokkas
  7 ball pythons
  2 frilled lizards
  A goblin skeleton (D:9)
  4 goblin zombies (D:9)
  4 hobgoblin zombies (D:9)
  8 kobolds
  An orc skeleton (D:9)
  9 orc zombies (D:9)
  2 rats
242 creatures vanquished.

Vanquished Creatures (others)
  4 fungi
  14 plants
18 creatures vanquished.

Grand Total: 260 creatures vanquished

Notes
Turn   | Place    | Note
-------+----------+-------------------------------------------
     0 | D:1      | brinewave the Minotaur Berserker began the quest for the
                  | Orb.
     0 | D:1      | Reached XP level 1. HP: 19/19 MP: 0/0
   286 | D:1      | Reached XP level 2. HP: 23/26 MP: 1/1
  1034 | D:2      | Found an opulent altar of Gozag.
  1039 | D:2      | Reached XP level 3. HP: 31/31 MP: 2/2
  1192 | D:2      | Found a faded altar of an unknown god.
  1366 | D:2      | Reached ** piety under Trog
  1517 | D:2      | Noticed Robin
  1523 | D:2      | Reached XP level 4. HP: 31/39 MP: 3/3
  1533 | D:2      | Killed Robin
  1534 | D:2      | Reached skill level 5 in Axes
  2740 | D:4      | Noticed a black bear
  2751 | D:4      | Killed a black bear
  2752 | D:4      | Reached skill level 5 in Armour
  2752 | D:4      | Reached XP level 5. HP: 45/45 MP: 4/4
  3167 | D:4      | Reached XP level 6. HP: 39/51 MP: 5/5
  3441 | D:4      | Reached *** piety under Trog
  3791 | D:4      | Reached XP level 7. HP: 43/57 MP: 6/6
  4222 | D:5      | Entered Level 5 of the Dungeon
  4369 | D:5      | Noticed Pikel
  4380 | D:5      | Killed Pikel
  4381 | D:5      | Reached XP level 8. HP: 64/64 MP: 7/7
  4952 | D:5      | Found an ornate altar of the Wu Jian Council.
  5019 | D:5      | Found Biagenut's Magic Scroll Shop.
  5032 | D:5      | Bought a scroll of teleportation for 33 gold pieces
  5032 | D:5      | Bought a scroll of identify for 22 gold pieces
  5032 | D:5      | Bought a scroll of identify for 22 gold pieces
  5032 | D:5      | Bought a scroll of blinking for 82 gold pieces
  5038 | D:5      | Noticed Sigmund
  5050 | D:5      | Killed Sigmund
  5280 | D:5      | Identified a scroll of acquirement
  5280 | D:5      | Acquired the ring of Irrepressible Laughter {rElec rF+
                  | Will+ Int+6}
  5457 | D:6      | Noticed a seven-headed hydra
  5462 | D:6      | Killed a seven-headed hydra
  5463 | D:6      | Reached skill level 10 in Axes
  5463 | D:6      | Reached skill level 10 in Armour
  5463 | D:6      | Reached XP level 9. HP: 70/70 MP: 8/8
  5529 | D:6      | Reached **** piety under Trog
  6409 | D:7      | Found Tanomn's Distillery.
  6412 | D:7      | Bought a potion of curing for 33 gold pieces
  6457 | D:7      | Found a staircase to the Ecumenical Temple.
  6479 | D:7      | Noticed Joseph
  6487 | D:7      | Killed Joseph
  6907 | D:7      | Reached skill level 5 in Fighting
  7028 | D:7      | Noticed Duvessa
  7028 | D:7      | Noticed Dowan
  7034 | D:7      | Killed Duvessa
  7042 | D:7      | Killed Dowan
  7451 | D:7      | Noticed Maggie
  7458 | D:7      | Killed Maggie
  7459 | D:7      | Reached XP level 10. HP: 83/83 MP: 9/9
  8377 | D:8      | Noticed a manticore
  8385 | D:8      | Killed a manticore
  8578 | D:5      | Bought a scroll of brand weapon for 220 gold pieces
  8578 | D:5      | Bought a scroll of enchant weapon for 82 gold pieces
  9016 | D:9      | Noticed a sun demon
  9135 | D:9      | Found a staircase to the Lair.
  9472 | D:9      | Found a staircase to the Orcish Mines.
  9610 | D:9      | Reached ***** piety under Trog
  9868 | D:9      | Noticed a two-headed ogre
  9872 | D:9      | Killed a two-headed ogre
  9873 | D:9      | Reached XP level 11. HP: 95/95 MP: 10/10
 10127 | Lair:1   | Entered Level 1 of the Lair of Beasts
 10169 | Lair:1   | Noticed Urug
 10177 | Lair:1   | Killed Urug
 10455 | Lair:1   | Noticed a four-headed hydra
 10466 | Lair:1   | Killed a four-headed hydra
 10554 | Lair:1   | Noticed an oklob plant
 10563 | Lair:1   | Reached skill level 10 in Fighting
 10764 | Lair:1   | Killed an oklob plant
 11072 | Lair:1   | Noticed Gastronok
 11108 | Lair:2   | Noticed an eight-headed hydra
 11122 | Lair:2   | Slain by an eight-headed hydra

Illustrated notes

Levels and vault maps discovered:
D:1:      dpeg_arrival_morbid_curiosity, layout_basic, serial_park_tiny_2
D:2:      layout_basic, shapermc_ecumenical_altar_acropolis, basic_altar,
          grunt_ministairs_10, uniq_robin
D:3:      layout_basic, kennysheep_generic_room_5
D:4:      minmay_chambers_of_fours, layout_layer_cave, corexii_hall_statues_x,
          nicolae_underground_beach
D:5:      layout_rooms, kennysheep_little_box, nicolae_stop_n_shop_2,
          lightli_minifort, uniq_sigmund, uniq_pikel
D:6:      layout_basic
D:7:      layout_basic, serial_shops, nicolae_stop_n_shop_1, uniq_joseph,
          uniq_maggie, uniq_duvessa
D:8:      layout_cave_pools, hangedman_decor_push, chequers_big_river
D:9:      layout_long_grid, erik_lair_orcish_takeover, zombieorc1_lemuel
Lair:1:   layout_cave_pods, hangedman_lair_generics_rect, uniq_gastronok,
          uniq_urug
Lair:2:   layout_roguey, spider_nest_entry_rubble, serial_forest,
          infiniplex_forest_straight_4, infiniplex_forest_straight_4,
          infiniplex_forest_lined_1, infiniplex_forest_straight_2,
          infiniplex_forest_clump_diagonal, infiniplex_forest_clump_tiny,
          infiniplex_forest_lined_ring

Skill      XL: |  1  2  3  4  5  6  7  8  9 10 11 |
---------------+----------------------------------+-----
Axes           | 4 5 6 7 8 10 12 13 14 | 14.0
Armour         | 3 4 5 6 8 10 11 13 14 | 14.2
Fighting       | 6 8 10 | 10.7
Dodging        | |  2.1

Action                   |  1- 3 |  4- 6 |  7- 9 | 10-12 || total
-------------------------+-------+-------+-------+-------++-------
Melee: Hand axe          |    85 |    50 |       |       ||   135
       Headbutt          |    14 |    13 |    38 |    35 ||   100
       War axe           |       |    32 |    65 |       ||    97
       Trident           |       |       |    95 |    54 ||   149
       Battleaxe         |       |       |       |   147 ||   147
       Whip              |       |       |       |     7 ||     7
Invok: Berserk           |     1 |     3 |     9 |     8 ||    21
       Trog's Hand       |       |       |     1 |       ||     1
  Use: Scroll            |     4 |     1 |    14 |     5 ||    24
       Potion            |       |       |       |     1 ||     1
 Stab: Distracted        |       |       |       |     1 ||     1
Armor: Animal skin       |    18 |       |       |       ||    18
       Leather armour    |       |     1 |       |       ||     1
       Fire dragon scale |       |    20 |    78 |    62 ||   160
       Plate armour      |       |       |       |    22 ||    22
Dodge: Dodged            |    54 |    42 |   102 |   140 ||   338
